 Dungeon Crawl Stone Soup version 0.23-a0-690-g0a1fc62c7c (webtiles) character file.

21 LLavrengius the Shield-Bearer (level 2, -1/21 HPs)
             Began as an Octopode Fighter on Jan 11, 2019.
             Slain by an adder (3 damage)
             ... on level 2 of the Dungeon.
             The game lasted 00:00:46 (175 turns).

LLavrengius the Shield-Bearer (Octopode Fighter)     Turns: 175, Time: 00:00:46

Health: -1/21      AC:  1    Str: 15    XL:     2   Next: 83%
Magic:  2/2        EV: 11    Int: 10    God:
Gold:   31         SH:  8    Dex: 11    Spells: 1/1 levels left

rFire    . . .     SeeInvis .   a - +0 rapier
rCold    . . .     Gourm    .   b - +0 shield
rNeg     . . .     Faith    .   (helmet restricted)
rPois    .         Spirit   .   (no amulet)
rElec    .         Reflect  .   (no ring)
rCorr    .         Harm     .   (no ring)
MR       .....                  (no ring)
Stlth    +++.......             (no ring)
HPRegen  0.07/turn              (no ring)
MPRegen  0.08/turn              (no ring)
                                (no ring)
                                (no ring)

@: no status effects
A: almost no armour, stealthy swim, amphibious, 8 rings, constrict 8, camouflage
1, gelatinous body 1
a: no special abilities


You were on level 2 of the Dungeon.
You were not hungry.

You visited 1 branch of the dungeon, and saw 2 of its levels.

You collected 31 gold pieces.

Inventory:

Hand Weapons
 a - a +0 rapier (weapon)
 e - a +0 hunting sling
Missiles
 g - 20 stones (quivered)
Armour
 b - a +0 shield (worn)
Potions
 c - a potion of might
Comestibles
 d - 2 rations
 f - 2 chunks of flesh


   Skills:
 - Level 3.0 Fighting
 + Level 2.6 Short Blades
 - Level 3.0 Dodging
 + Level 2.4 Stealth
 - Level 3.0 Shields


You had one spell level left.
You didn't know any spells.
Your spell library was empty.

Dungeon Overview and Level Annotations

Branches:
Dungeon (1/15)

Altars:


Innate Abilities, Weirdness & Mutations

You cannot wear most types of armour.
You are very stealthy in the water. (Stealth+)
You are amphibious.
You can wear up to eight rings at the same time.
You can use your tentacles to constrict eight enemies at once.
Your skin changes colour to match your surroundings (Stealth+).
Your rubbery body absorbs attacks. (AC +1, EV +1)


Message History

f - 2 chunks of flesh (gained 1)
Things that are here:
a +0 hunting sling; 5 stones; a goblin skeleton
e - a +0 hunting sling;
g - 5 stones
g - 20 stones (gained 15) HP restored.
An adder comes into view.
A goblin comes into view. It is wielding a +0 club.
Found 25 stones and 14 sling bullets.
The goblin shouts!
You completely miss the adder.
The adder hisses angrily.
Your grab misses the adder. Your squeeze misses the adder. The adder bites you.
The goblin hits you with a +0 club.
You closely miss the adder. You grab the adder. Your squeeze misses the adder.
You constrict the adder. The adder bites you.
The goblin hits you with a +0 club!
* * * LOW HITPOINT WARNING * * *
The adder bites you.
You die...

.##...†...........
#............... #
#............... #.
#......÷........ #..
#.#.............
#...#####.#..........###
#..................#
#..................#
#....@...###########
#...Sg...# #.....$....#
#..........#
.(..........#
.......##.#### .....(.
#.# ....... .#


You could see an adder and a goblin.

Vanquished Creatures
  An adder (D:2)
  A dart slug (D:1)
  2 goblins
  A hobgoblin (D:2)
  A frilled lizard (D:1)
  3 kobolds (D:1)
  A rat (D:2)
10 creatures vanquished.

Notes
Turn   | Place    | Note
-------+----------+-------------------------------------------
     0 | D:1      | LLavrengius the Octopode Fighter began the quest for the
                  | Orb.
     0 | D:1      | Reached XP level 1. HP: 16/16 MP: 1/1
    28 | D:1      | Reached skill level 1 in Stealth
   122 | D:1      | Reached XP level 2. HP: 18/21 MP: 2/2
   128 | D:1      | You fall through a shaft!
   175 | D:2      | Slain by an adder

Vault maps used:
D:1:      eino_arrival_tree_alley, chequers_arboretum
D:2:      lemuel_doored_altar, first_ration, kennysheep_generic_room_10,
          uniq_sigmund

Skill      XL: |  1  2 |
---------------+-------+-----
Stealth        | 1 2 |  2.4
Fighting       | |  3.0
Short Blades   | |  2.6
Dodging        | |  3.0
Shields        | |  3.0

Action                   || total
-------------------------++-------
Melee: Rapier            ||    25
       Constrict         ||     6
       Tentacles         ||     4
 Stab: Sleeping          ||     1
Armor: Skin              ||     2
Dodge: Dodged            ||     5
Block: Shield            ||     6

Table legend:
 A = Non-vault XP
 B = Vault XP
 C = Vault XP percentage of total XP
 D = Non-vault monster count
 E = Vault monster count
 F = Vault count percentage of total count
                 A         B        C        D         E       F
            +---------+---------+-------+---------+---------+-------
      Total |      30 |       0 |   0.0 |      10 |       0 |   0.0
            +---------+---------+-------+---------+---------+-------
        D:1 |      12 |       0 |   0.0 |       6 |       0 |   0.0
        D:2 |      18 |       0 |   0.0 |       4 |       0 |   0.0
            +---------+---------+-------+---------+---------+-------
